[Event "21st Open Gran Hotel Bali-A 2024"]
[Site "Benidorm"]
[Date "2024.11.30"]
[Round "3.1"]
[White "Luque Saiz, Andres"]
[Black "Albornoz Cabrera, Carlos Daniel"]
[Result "0-1"]
[ECO "B90"]
[WhiteElo "2343"]
[BlackElo "2572"]
[Annotator "TA"]
[PlyCount "78"]
[EventDate "2024.11.26"]
[EventType "swiss"]
[EventCountry "ESP"]
[SourceTitle "playchess.com"]
[Source "ChessBase"]
[SourceQuality "1"]
[TimeControl "5400+30"]

1. e4 c5 2. Nf3 d6 3. d4 cxd4 4. Nxd4 Nf6 5. Nc3 a6 6. h3 e5 7. Nde2 h5 8. Bg5 Be6 9. Bxf6 Qxf6 {[%emt 0:00:05] The position is equal.} 10. Nd5 Qd8 11. Nec3 g6 12. Ne3 Nc6 13. Ncd5 Bh6 14. c3 O-O 15. a4 Bxe3 16. Nxe3 Qb6 17. b4 (17. Qxd6 Qxb2 18. Qa3 Qxa3 19. Rxa3 Na5 $14) 17... Ne7 18. Qd2 Qc6 19. Be2 d5 20. exd5 Nxd5 21. Bf3 Qxc3 {[%emt 0:00:47] Black is more active. Black converts the advantage convincingly.} 22. Qxc3 ({White should try} 22. Nxd5 Qxd2+ (22... Qxa1+ 23. Ke2 $11) 23. Kxd2) 22... Nxc3 $17 23. Ra3 (23. Bxb7 $17 Ra7 24. Bf3) 23... e4 $1 $19 24. Bxh5 {[%emt 0:02:37] [#]} (24. Rxc3 $17 exf3 25. gxf3) 24... Rac8 $1 25. Be2 Rfd8 {[%emt 0:00:22] ...Nb1 is the strong threat.} 26. Ra1 {[%emt 0:07:35] White is weak on the light squares} Rd4 27. b5 a5 (27... Nxa4 28. bxa6 bxa6 29. Bxa6 $11) (27... Rxa4 28. Rxa4 Nxa4 29. bxa6 $17) 28. f3 Nxe2 29. Kxe2 exf3+ 30. gxf3 (30. Kxf3 $142 Rc3 31. Rhc1) 30... Bb3 31. Rhc1 Rxc1 32. Rxc1 Bxa4 {[%emt 0:00:04][%mdl 4096] Endgame. KRB-KRN} ({Less strong is} 32... Rxa4 33. Rc7 $19) 33. Rc8+ Kg7 34. b6 Bc6 35. Ng4 (35. Nc2 {keeps fighting.} Rd6 36. Ke3) 35... Rb4 36. Ra8 a4 {[%emt 0:03:35] Black is clearly winning.} ({Don't play} 36... Rxb6 37. Rxa5 Rb2+ 38. Ke3 $19) 37. Ne5 Bb5+ (37... Rxb6 $2 38. Nxc6 Rxc6 (38... bxc6 $2 39. Rxa4 c5 40. h4 $17) 39. Rxa4 $19) 38. Kd2 Ba6 {[%emt 0:00:07][%cal Oa4a3] [#] White must now prevent ...a3!} 39. Nc6 Rxb6 {[%emt 0:00:26] Weighted Error Value: White=0.41/Black=0.07 (flawless) .  Mistake:       	White=5     	---        Inaccurate:     	White=4     	Black=1      OK:         	White=11    	Black=19     Strong:       	---       	Black=1} (39... bxc6 40. Rxa6 Kf6 41. b7 $17) 0-1

[Event "21st Open Gran Hotel Bali-A 2024"]
[Site "Benidorm"]
[Date "2024.11.30"]
[Round "3.2"]
[White "Amar, Elham"]
[Black "Suder, Jakub"]
[Result "1/2-1/2"]
[ECO "C02"]
[WhiteElo "2529"]
[BlackElo "2340"]
[Annotator "ChessBase"]
[PlyCount "43"]
[EventDate "2024.11.26"]
[EventType "swiss"]
[EventCountry "ESP"]
[SourceTitle "playchess.com"]
[Source "ChessBase"]
[SourceQuality "1"]
[TimeControl "5400+30"]

1. e4 c5 2. Nf3 e6 3. c3 d5 4. e5 Bd7 5. d4 Qb6 6. Bd3 Bb5 7. dxc5 Bxc5 8. b4 Bxd3 9. Qxd3 Bf8 10. O-O Nc6 11. Be3 Qc7 12. Na3 a6 13. c4 Nxb4 14. Qb3 Nh6 15. Rac1 d4 16. Bxh6 gxh6 17. c5 Nc6 18. Rfe1 Rd8 19. Qd3 Rd5 20. Nc4 Bxc5 21. Qe4 Qe7 22. Qf4 1/2-1/2

[Event "21st Open Gran Hotel Bali-A 2024"]
[Site "Benidorm"]
[Date "2024.11.30"]
[Round "3.3"]
[White "Ashwath, R.."]
[Black "Solodovnichenko, Yuri"]
[Result "1/2-1/2"]
[ECO "A21"]
[WhiteElo "2333"]
[BlackElo "2503"]
[Annotator "TA"]
[PlyCount "58"]
[EventDate "2024.11.26"]
[EventType "swiss"]
[EventCountry "ESP"]
[SourceTitle "playchess.com"]
[Source "ChessBase"]
[SourceQuality "1"]
[TimeControl "5400+30"]

1. c4 e5 2. Nc3 Bb4 3. Qb3 a5 4. e3 Nf6 5. Nge2 O-O 6. g3 (6. a3 $11 Be7 7. g3) 6... Na6 7. Bg2 {[%emt 0:03:03] Wards off d5} Re8 8. d3 Nc5 9. Qc2 d5 10. cxd5 c6 11. a3 Bxc3+ 12. Nxc3 a4 13. O-O cxd5 14. Nxd5 Nb3 15. Nxf6+ Qxf6 16. Rb1 Bg4 17. Bd2 Be2 18. Rfe1 Bxd3 19. Qxd3 Red8 $1 {[%emt 0:00:32] [#]} 20. Qb5 Nxd2 (20... Rxd2 21. Re2) 21. Rbd1 (21. Rbc1 $1 $14) 21... e4 $11 22. Qxb7 {[%emt 0:00:40][%cal Od1d2] Rxd2! is the strong threat.} Rab8 $132 {[%emt 0:00:29][%mdl 2048] Black is not holding back} 23. Qa7 Rxb2 {[%emt 0:08:29] [#] Threatens to win with ...g5.} 24. Qxa4 g6 {[%emt 0:01:24] Strongly threatening ...Kg7.} 25. Bxe4 Kg7 (25... Nxe4 $6 26. Rxd8+ Qxd8 27. Qxe4 $16) 26. Bg2 Nc4 27. Rf1 $16 {[%emt 0:01:00] Hoping for Rxd8.} (27. Qxc4 $2 {is a self mate.} Qxf2+ 28. Kh1 Qxg2#) 27... Nd2 28. Rfe1 Nc4 29. Rf1 {[%emt 0:00:03] Black must now prevent Rxd8.} (29. Qxc4 $2 {gets mated.} Qxf2+ 30. Kh1 Qxg2#) 29... Nd2 {[%emt 0:03:29] Weighted Error Value: White=0.18 (very precise) /Black=0.10 (very precise) .  Mistake:       	White=1     	Black=1      Inaccurate:     	White=1     	Black=3      OK:         	White=10    	Black=11     Best:        	White=4     	Black=2      Strong:       	---       	Black=1} 1/2-1/2

[Event "21st Open Gran Hotel Bali-A 2024"]
[Site "Benidorm"]
[Date "2024.11.30"]
[Round "3.4"]
[White "Kvaloy, Aksel Bu"]
[Black "Ibanez Aullana, Ramon"]
[Result "1/2-1/2"]
[ECO "C43"]
[WhiteElo "2502"]
[BlackElo "2298"]
[Annotator "RC"]
[PlyCount "117"]
[EventDate "2024.11.26"]
[EventType "swiss"]
[EventCountry "ESP"]
[SourceTitle "playchess.com"]
[Source "ChessBase"]
[SourceQuality "1"]
[TimeControl "5400+30"]

1. e4 e5 2. Nf3 Nf6 3. d4 Nxe4 4. Bd3 Nc6 5. Bxe4 d5 6. Nxe5 dxe4 7. Nxc6 bxc6 8. O-O Bd6 9. Nc3 O-O 10. Nxe4 Bxh2+ 11. Kxh2 Qh4+ 12. Kg1 Qxe4 13. Re1 Qh4 14. Qd3 Be6 15. c4 Rfe8 16. Bd2 Rad8 17. Bc3 Qg4 18. Re3 Bf5 19. Rae1 Rxe3 20. Qxe3 h5 21. Qe5 Rd6 22. f3 Qg5 23. Qe7 Qg6 24. Qxc7 Re6 25. Rxe6 Qxe6 26. Qd8+ Kh7 27. Qg5 Qg6 28. Qd2 f6 29. d5 cxd5 30. Qxd5 h4 31. Qd2 Bb1 32. a3 h3 33. Bd4 Ba2 34. Bxa7 Bxc4 35. Bc5 hxg2 36. Qxg2 Qxg2+ 37. Kxg2 Kg6 38. Kf2 Kf5 39. Ke3 Ke5 40. Bf8 g6 41. Be7 Bb3 42. Bd8 Ba4 43. Ba5 g5 44. Bc3+ Kf5 45. Ba5 g4 46. fxg4+ Kxg4 47. Kd4 Kf5 48. Bc7 Ke6 49. Kc5 Kd7 50. Kb6 Kc8 51. b4 f5 52. Bf4 Be8 53. Ka6 Ba4 54. Ka5 Be8 55. Kb6 Ba4 56. Ka7 Be8 57. Ka6 Ba4 58. b5 Bxb5+ 59. Kxb5 1/2-1/2

[Event "21st Open Gran Hotel Bali-A 2024"]
[Site "Benidorm"]
[Date "2024.11.30"]
[Round "3.5"]
[White "Ilinca, Felix-Antonio"]
[Black "Carbonell Sancho, Marc"]
[Result "0-1"]
[ECO "B57"]
[WhiteElo "2470"]
[BlackElo "2286"]
[Annotator "ChessBase"]
[PlyCount "64"]
[EventDate "2024.11.26"]
[EventType "swiss"]
[EventCountry "ESP"]
[SourceTitle "playchess.com"]
[Source "ChessBase"]
[SourceQuality "1"]
[TimeControl "5400+30"]

1. e4 c5 2. Nf3 d6 3. d4 cxd4 4. Nxd4 Nf6 5. Nc3 Nc6 6. Bc4 Qb6 7. Nxc6 bxc6 8. b3 e6 9. O-O Be7 10. Qe2 d5 11. Bd3 Bb7 12. Bb2 O-O 13. Rfe1 Rfe8 14. Na4 Qc7 15. e5 Nd7 16. c4 dxc4 17. Bxc4 Nb6 18. Bd3 Nxa4 19. Qe4 g6 20. Qxa4 Red8 21. Bf1 Qb6 22. Bc3 Bc5 23. Qf4 Bd4 24. Bxd4 Rxd4 25. Qh6 Rad8 26. Re3 Rd2 27. Rf3 R8d7 28. Re1 Rxa2 29. h4 Qb4 30. h5 Qxe1 31. hxg6 hxg6 32. Rh3 Qxe5 0-1

[Event "21st Open Gran Hotel Bali-A 2024"]
[Site "Benidorm"]
[Date "2024.11.30"]
[Round "3.6"]
[White "Travesset Sagre, Jan"]
[Black "Mitusov, Semen"]
[Result "0-1"]
[ECO "E06"]
[WhiteElo "2330"]
[BlackElo "2465"]
[Annotator "ChessBase"]
[PlyCount "32"]
[EventDate "2024.11.26"]
[EventType "swiss"]
[EventCountry "ESP"]
[SourceTitle "playchess.com"]
[Source "ChessBase"]
[SourceQuality "1"]
[TimeControl "5400+30"]

1. d4 d5 2. c4 e6 3. g3 Nf6 4. Bg2 Be7 5. Nf3 Ne4 6. O-O f5 7. b3 Nc6 8. e3 h5 9. Ba3 Bf6 10. h4 g5 11. hxg5 Bxg5 12. Nxg5 Qxg5 13. Bxe4 fxe4 14. Kh2 e5 15. cxd5 Bg4 16. f3 h4 0-1

[Event "21st Open Gran Hotel Bali-A 2024"]
[Site "Benidorm"]
[Date "2024.11.30"]
[Round "3.7"]
[White "Mingarro Carceller, Sergi"]
[Black "Marin, Mihail"]
[Result "1-0"]
[ECO "C02"]
[WhiteElo "2299"]
[BlackElo "2431"]
[Annotator "TA"]
[PlyCount "67"]
[EventDate "2024.11.26"]
[EventType "swiss"]
[EventCountry "ESP"]
[SourceTitle "playchess.com"]
[Source "ChessBase"]
[SourceQuality "1"]
[TimeControl "5400+30"]

1. e4 e6 2. d4 d5 3. e5 c5 4. c3 Nc6 5. Nf3 Bd7 6. Be2 cxd4 7. cxd4 Nge7 8. Na3 Nf5 9. Nc2 Qb6 10. O-O Rc8 11. Kh1 h5 12. Bd3 Be7 13. Rb1 {[%emt 0:07:05] White has an edge.} Nb4 (13... Ncxd4 $2 14. Nfxd4 Nxd4 15. Be3 $18) (13... Nfxd4 $2 14. Ncxd4 (14. Be3 Qc7 $18) 14... Qd8 (14... Nxd4 $2 15. Be3 $18) 15. Be3 $18) 14. Nxb4 Qxb4 15. Bxf5 exf5 16. Bg5 Bxg5 $1 17. Nxg5 Rc4 $1 18. Nf3 Rh6 (18... O-O $11) 19. b3 Rc8 20. Re1 {[%emt 0:02:47] White is weak on the light squares} (20. Ng5 $14) 20... f4 $11 21. Ng5 {[%emt 0:13:53] aiming for Qf3.} Bf5 22. Ra1 Qc3 (22... Bg4 $1 $11 23. f3 Bf5) 23. Qe2 $14 a6 24. e6 fxe6 ({Better is} 24... Bxe6 $14 25. Qe5 Rg6) 25. Qe5 $16 Rf6 26. Qxf4 {[%emt 0:04:47] [#] Hoping for Rac1.} (26. Qxd5 $2 Qxa1 27. Qe5 Qxa2 $19) 26... Qc7 27. Qh4 {[%emt 0:06:24] White is more active.} Ke7 28. h3 (28. Qxh5 Qf4 29. f3 Qb8 $17) 28... Qc3 29. Rad1 $36 {[%emt 0:03:01][%mdl 2048] White is really pushing.} ({Reject} 29. Qxh5 $6 Qxd4 30. Qd1 Qxf2 31. Qxd5 Qf1+ 32. Kh2 (32. Rxf1 exd5 33. Rae1+ Kd6 $11) 32... Qf4+ 33. Kg1 Qf1+ (33... Qxg5 $2 34. Qxb7+ Ke8 35. Qxc8+ $18) 34. Kh2 Qf4+ 35. Kg1 Qf1+ (35... Qxg5 $2 36. Qxb7+ Kf8 37. Qxc8+ $18) 36. Kh2 $11) 29... Qb2 30. Qg3 {[%emt 0:11:05][%cal Og5e6] And now Nxe6! would win.} (30. Qxh5 Qxf2 31. Rf1 Qe3 $15) 30... Qc3 (30... Kf8 $16) 31. Re3 Qc7 32. Re5 {[%emt 0:01:01][%cal Og5e6] Strongly threatening Nxe6!} Kd7 ({Black should try} 32... Qd6) 33. Rde1 (33. Ne4 $142 Rg6 34. Nc5+ (34. Rxf5 Qxg3 35. Rf7+ Ke8 $14) 34... Qxc5 35. Qxg6 (35. dxc5 Rxg3 36. fxg3 Rxc5 $15) 35... Bxg6 36. dxc5) 33... Qc3 (33... Qd6 $142) 34. Qh4 {[%emt 0:01:30] Weighted Error Value: White=0.17 (very precise) /Black=0.23 (precise) .  Mistake:       	White=2     	Black=6      Inaccurate:     	White=1     	Black=1      OK:         	White=6     	Black=5      Best:        	White=1     	Black=1      Strong:       	---       	Black=2} 1-0

[Event "21st Open Gran Hotel Bali-A 2024"]
[Site "Benidorm"]
[Date "2024.11.30"]
[Round "3.8"]
[White "Davtyan, David Arm."]
[Black "Cruz Lledo, Pablo"]
[Result "1-0"]
[ECO "D15"]
[WhiteElo "2293"]
[BlackElo "2411"]
[Annotator "TA"]
[PlyCount "79"]
[EventDate "2024.11.26"]
[EventType "swiss"]
[EventCountry "ESP"]
[SourceTitle "playchess.com"]
[Source "ChessBase"]
[SourceQuality "1"]
[TimeControl "5400+30"]

1. d4 d5 2. Nf3 Nf6 3. c4 c6 4. Nc3 a6 5. c5 g6 6. h3 Bg7 7. Bf4 O-O 8. e3 Nbd7 9. Bd3 Ne8 10. O-O Nc7 11. b4 Re8 12. Qb3 e5 13. dxe5 Nxe5 14. Nxe5 Bxe5 15. Bxe5 Rxe5 16. Ne2 Ne6 17. Qc3 Rh5 18. a4 ({White should play} 18. f4 $14) 18... Qe7 19. Ng3 Rh4 20. f4 a5 $1 21. Rac1 (21. bxa5 $11 Nxc5 (21... Qxc5 22. Qe5 $11) 22. Kh2) 21... axb4 $15 22. Qxb4 {[%emt 0:00:02] [#]} Nxf4 $2 23. exf4 $18 Qe3+ 24. Kh2 Qxd3 25. Rf3 $2 (25. Rce1 $1 $18 ) 25... Qa6 {[%emt 0:00:00] [#]} ({Black should try} 25... Rxh3+ $1 $14 26. Kg1 Qxf3 (26... Rxg3 27. Rxd3 Rxd3 28. Re1 $16) 27. gxf3 Rxg3+ 28. Kf2 Rh3) 26. Qd4 {[%emt 0:02:10] White is more active.} (26. Qe1 $1 $16 {[%cal Re1e8] Hoping for Qe8+.} Bg4 (26... Qxa4 $2 27. Qe8+ Kg7 28. Qe5+ Kg8 29. Qg5 $18) 27. Re3) 26... Qa5 $1 $11 (26... Qxa4 $6 27. Qf6 Rh6 28. Rf2 $18) 27. Qf6 Rxh3+ 28. Kg1 $1 Bg4 29. Re3 $40 {[%emt 0:01:43][%mdl 128] Black needs to defend precisely.} Rxg3 $1 30. Rxg3 Qd2 $2 (30... h5 $11 {and Black has nothing to worry.}) 31. Rb1 $18 Be6 $2 (31... Qc2 32. Rxb7 Be6) 32. f5 ({Weaker is} 32. Rxb7 Qd1+ 33. Kh2 d4 $16) 32... Qc2 {[%emt 0:00:00] [#]} 33. Rf1 $1 ({Not} 33. Rxb7 Qc1+ 34. Kh2 Qh6+ 35. Rh3 (35. Kg1 Qc1+ 36. Kh2 Qh6+ 37. Kg1 Qc1+ $11) 35... Qf4+ 36. Rg3 Qh6+ 37. Kg1 Qc1+ 38. Kh2 Qh6+ $11) 33... Qxc5+ 34. Kh2 Bxf5 35. Rxf5 Rf8 36. Rf4 (36. Rh5 $142 Qc1 37. Rgh3 Qf1 38. Qxf1 f5 39. Rxh7 Rf7 40. Rh8+ Kg7 41. Qa1+ d4 42. Qxd4+ Rf6 43. R3h7#) 36... Qc2 37. Rh4 {[%emt 0:01:19][%cal Oh4h7] Threatening mate with Rxh7!.} Qd2 38. Rgh3 h5 {[%emt 0:02:26] [#]} 39. Rxh5 $1 gxh5 (39... Qf4+ 40. Qxf4) 40. Rg3+ 1-0

[Event "21st Open Gran Hotel Bali-A 2024"]
[Site "Benidorm"]
[Date "2024.11.30"]
[Round "3.9"]
[White "Domingo Nunez, Ruben"]
[Black "Ammar, Sedrani"]
[Result "1-0"]
[ECO "A49"]
[WhiteElo "2409"]
[BlackElo "2271"]
[Annotator "TA"]
[PlyCount "157"]
[EventDate "2024.11.26"]
[EventType "swiss"]
[EventCountry "ESP"]
[SourceTitle "playchess.com"]
[Source "ChessBase"]
[SourceQuality "1"]
[TimeControl "5400+30"]

1. Nf3 Nf6 2. g3 g6 3. b3 Bg7 4. Bb2 O-O 5. Bg2 d6 6. d4 Nbd7 7. O-O a5 {[%emt 0:04:56] Recently 7...c6 got a lot of attention. A49: 1 d4 Nf6 2 Nf3 g6 3 g3: Anti-King's Indian systems.} 8. a4 c6 9. Nbd2 b6 10. e4 Qc7 11. Re1 Ba6 12. e5 $146 ({Predecessor:} 12. Nc4 d5 13. exd5 cxd5 14. Ne3 e6 15. Rc1 Rac8 16. c4 dxc4 17. bxc4 Rfd8 18. Qb3 {1-0 Pomar Salamanca,A-Rossolimo,N Costa del Sol-13 1973}) 12... dxe5 13. Nxe5 Nxe5 14. dxe5 Nd7 15. Nf3 Rad8 16. Qc1 Nc5 17. h4 Ne6 18. Ng5 Bc8 19. Qe3 Nxg5 20. hxg5 Bf5 21. Bf3 c5 22. Rac1 Rd7 23. Kg2 Rfd8 24. Bc3 Be6 25. Rh1 Bd5 26. Rh4 Qc6 27. Rch1 e6 (27... Bxf3+ 28. Qxf3 Qxf3+ 29. Kxf3 $16) 28. Rxh7 c4 (28... Rc7 $16 {was necessary.}) 29. Bxd5 $1 $18 Rxd5 30. Qf3 Rc5 31. Qxc6 Rxc6 {[%emt 0:00:02] [#]} 32. b4 $1 Rd5 (32... axb4 $142 33. Bxb4 Rd7) 33. bxa5 $18 bxa5 34. R7h4 Kf8 35. Re4 Rcc5 36. f4 Ke8 37. Rb1 Bf8 38. Kf3 Be7 39. Rb8+ Rd8 40. Rb7 Rd7 41. Rb5 $2 (41. Rb6 $18 {has better winning chances.}) 41... Rdd5 (41... Rxb5 $16 42. axb5 Bd8) 42. Rb1 Bd8 43. Rd4 Kd7 44. Rb7+ Bc7 45. Ke4 Kc8 46. Rb1 Kd7 47. Rbd1 Rxd4+ 48. Bxd4 Rd5 49. Rb1 Kc6 50. g4 Rd8 {[%emt 0:00:30] [#]} 51. Rb5 (51. Rh1 $1 $18) 51... Rh8 52. Rc5+ Kd7 53. Rxc4 Rh4 54. Bf2 Rh2 55. Bd4 Rh4 $1 56. Kf3 Rh3+ 57. Kg2 Ra3 58. Bc5 Ra2 59. Kf3 Ra1 60. Bd4 Ra3+ 61. Bc3 Ra2 62. Be1 Ra3+ 63. Ke2 Bb6 $2 (63... Ra2 64. Bf2 Ra1) 64. Bc3 $18 Bd8 65. Kd2 Be7 66. Kc1 Ke8 67. Kb2 Kd7 68. Bxa5 Rg3 69. Bc7 Rxg4 70. a5 Rg3 71. Bb6 Ba3+ 72. Ka2 Bc1 73. Rc7+ Ke8 74. Rc4 $2 (74. Bc5 $18 {White threatens a6 and mate.} Kd8 75. Rc6 (75. Rxf7 Rc3 $18)) 74... Rf3 $2 (74... Kd7 $11 75. Kb1 Bxf4 76. Rxf4 Kc6 77. Rxf7 Rxg5) 75. Ra4 Rc3 76. Kb1 Bd2 77. a6 Rc8 78. a7 Ra8 79. Rc4 1-0

[Event "21st Open Gran Hotel Bali-A 2024"]
[Site "Benidorm"]
[Date "2024.11.30"]
[Round "3.10"]
[White "Iglesias Ferreira, Andres"]
[Black "Stella, Andrea"]
[Result "1/2-1/2"]
[ECO "B96"]
[WhiteElo "2289"]
[BlackElo "2398"]
[Annotator "TA"]
[PlyCount "126"]
[EventDate "2024.11.26"]
[EventType "swiss"]
[EventCountry "ESP"]
[SourceTitle "playchess.com"]
[Source "ChessBase"]
[SourceQuality "1"]
[TimeControl "5400+30"]

1. e4 c5 2. Nf3 d6 3. d4 cxd4 4. Nxd4 Nf6 5. Nc3 a6 6. Bg5 e6 7. f4 h6 8. Bh4 Nbd7 9. Qe2 {[%emt 0:05:11] Hoping for e5.} e5 $1 10. fxe5 dxe5 {[%emt 0:00:18][%cal Og7g5] [#]} 11. O-O-O $1 exd4 12. e5 $1 Be7 (12... d3 $2 13. Rxd3 (13. exf6+ $2 dxe2 14. Bxe2 gxf6 $19) 13... Qe7 14. exf6 (14. Re3 Nxe5 $18) 14... Qxe2 15. Bxe2 Nxf6 16. Bxf6 gxf6 17. Nd5 $18) 13. Rxd4 O-O 14. exf6 Bxf6 15. Bxf6 Qxf6 16. Qe3 Qe5 17. Re4 Qc5 18. Qxc5 Nxc5 19. Re7 Be6 20. Rc7 (20. b4 $5 Nd7 $8 21. Ne4 $17) 20... Rac8 21. Rxc8 Rxc8 22. Be2 Kf8 23. Rd1 Ke7 24. Bf3 b5 25. a3 g5 26. Bd5 Rd8 27. b4 (27. Bf3 $11 {keeps the balance.}) 27... Na4 $17 28. Nxa4 Bxd5 {[%emt 0:06:15][%mdl 4096] Endgame KRB-KRN} (28... Rxd5 29. Nc5) 29. Re1+ Kf6 30. Rf1+ Ke7 31. Re1+ Kd6 $1 32. Nc5 Bxg2 33. Rd1+ Ke7 $1 34. Re1+ (34. Rxd8 $17 {was necessary.} Kxd8 35. Nxa6) 34... Kf6 $19 35. Nxa6 {[%emt 0:00:15][%cal Oc2c4] [#]} h5 $1 36. Nc5 g4 37. c4 (37. Nd3 $142) 37... bxc4 38. a4 h4 39. a5 h3 (39... Kf5 $142 40. Kc2 g3 41. hxg3 h3 (41... hxg3 42. Rg1 $14)) 40. Re3 (40. Ne4+ {is the only way for White.} Kg6 41. Nf2) 40... Rg8 41. Ne4+ Bxe4 $2 (41... Ke5 42. Ng3+ Kf6 (42... Kf4 43. Re7 $15) 43. Kc2 $11) (41... Kg6 42. Nf2 Rb8 43. Nxg4 Rxb4) 42. Rxe4 {[%emt 0:00:02][%cal Oc1c2] [#] KR-KR. Black is a pawn up.} g3 $2 ({Black should play} 42... Kg5 $1 $19 {White must now prevent ...f5.} 43. b5 f5 (43... c3 44. a6 $16) 44. Rxc4 f4) 43. hxg3 $11 Rh8 44. Re1 (44. Rxc4 $2 {too greedy.} h2 45. Rf4+ Ke6 46. Re4+ Kd5 $19) 44... Rb8 45. Rh1 Rxb4 46. Rxh3 Ra4 47. Rh4 Rxa5 48. Rxc4 Rd5 49. Kc2 Kg5 50. Kc3 $1 Rd1 51. Rd4 Rg1 52. Kd3 Rxg3+ 53. Ke2 Rg4 54. Rd5+ f5 55. Kf3 Rf4+ 56. Kg3 Rc4 57. Rd3 $1 Kf6 58. Ra3 Rd4 59. Rb3 Ke5 60. Kf3 $1 Rf4+ 61. Ke3 Re4+ 62. Kf3 Rf4+ 63. Ke3 $1 {[%emt 0:00:06] Intending Rb5+ and mate.} Re4+ 1/2-1/2

[Event "21st Open Gran Hotel Bali-A 2024"]
[Site "Benidorm"]
[Date "2024.11.30"]
[Round "3.11"]
[White "Rey Martinez, Jaime"]
[Black "Trigo Urquijo, Sergio"]
[Result "1-0"]
[ECO "B12"]
[WhiteElo "2266"]
[BlackElo "2370"]
[Annotator "TA"]
[PlyCount "85"]
[EventDate "2024.11.26"]
[EventType "swiss"]
[EventCountry "ESP"]
[SourceTitle "playchess.com"]
[Source "ChessBase"]
[SourceQuality "1"]
[TimeControl "5400+30"]

1. e4 c6 2. d4 d5 3. e5 Bf5 4. h4 a6 5. h5 c5 6. dxc5 Qc7 7. Nf3 Qxc5 (7... e6 $11 {keeps the balance.}) 8. c3 Nd7 9. Bf4 (9. Be3 $16 Qc8 10. Qxd5) 9... Qb6 10. Nbd2 (10. Qxd5 $2 Qxb2 11. Bc4 e6 $19 (11... Qxa1 $2 12. Qxf7+ Kd8 13. Qxf5 $18)) (10. Qb3 $1 $14) 10... Bg4 (10... Qxb2 $11 11. Nd4 g5 12. hxg6 (12. Bxg5 Bh6 $11) 12... Bxg6) 11. Qc2 (11. Qb3 $1 $16) 11... Bxf3 (11... e6 $11) 12. Nxf3 $16 e6 13. Bd3 h6 14. O-O Ne7 15. b4 Nc6 16. a3 Be7 17. c4 Nd4 18. Qd1 dxc4 19. Bxc4 Nxf3+ 20. Qxf3 O-O 21. Bd3 {[%emt 0:02:23] Hoping for Qe4.} Rfd8 22. Qe4 {[%emt 0:03:09] Repels Qd4} Nf8 {[%emt 0:01:09] Prevents Qh7+} 23. Be3 Qc7 24. Rac1 Qd7 25. Rcd1 ({White should try} 25. Rfd1 $16) 25... Qd5 26. Qxd5 Rxd5 27. Be4 {[%emt 0:00:26] A strong pair of Bishops.} Rb5 {[%emt 0:00:17][%cal Oa6a5] [#]} 28. Rc1 $1 {[%emt 0:03:12] Black is weak on the dark squares} a5 29. Rc7 $1 Bd8 30. Rc5 (30. Bxb7 $2 Rb8 (30... Bxc7 31. Bxa8 axb4 32. Bc6 $16) 31. Rc8 R5xb7 $19 (31... R8xb7 $2 32. Rxd8 axb4 33. axb4 $18)) 30... Rb6 31. Rc2 (31. bxa5 Rb3 $16) (31. Rxa5 Rxa5 32. bxa5 Rb5 $16) 31... Rb5 {[%emt 0:07:58] [#]} 32. Bc5 $1 $36 {[%emt 0:00:03][%mdl 2048] White has strong initiative. White is much more active. The black rooks are passive.} axb4 33. axb4 (33. Bxb4 g5 $16) 33... Ra3 $2 (33... Nd7) 34. Rd1 (34. Bd6 $142) 34... Bb6 $2 (34... Ra8 35. Bd3 Rb6) 35. Bd3 $2 ({Weaker is} 35. Bxb7 Bxc5 36. bxc5 (36. Bc6 Bxf2+ 37. Kxf2 Rxb4 $17) 36... Rxb7 $19) (35. Bxb6 Rxe5 36. Bf3 (36. Bxb7 Rb5 $18)) 35... Bxc5 $18 36. Bxb5 Bxb4 37. Rc7 b6 (37... Ra8 {might work better.} 38. g3 (38. Rxb7 Bc5 $18) 38... Ba5) 38. Be8 f6 (38... g5 $142 39. Bxf7+ Kh8) 39. Bf7+ Kh8 40. Rd8 {[%emt 0:01:18] White wants to mate with Rcc8.} fxe5 41. Bxe6 Kh7 {[%emt 0:00:41] [#]} 42. Rcc8 $1 g6 (42... Ra7 43. Rxf8) 43. Rc7+ 1-0

[Event "21st Open Gran Hotel Bali-A 2024"]
[Site "Benidorm"]
[Date "2024.11.30"]
[Round "3.12"]
[White "Prado Lobo, Jonas"]
[Black "Van Zyl-Rudd, Jack"]
[Result "1/2-1/2"]
[ECO "D46"]
[WhiteElo "2360"]
[BlackElo "2268"]
[Annotator "TA"]
[PlyCount "49"]
[EventDate "2024.11.26"]
[EventType "swiss"]
[EventCountry "ESP"]
[SourceTitle "playchess.com"]
[Source "ChessBase"]
[SourceQuality "1"]
[TimeControl "5400+30"]

1. Nf3 d5 2. d4 Nf6 3. c4 e6 4. Nc3 c6 5. e3 Nbd7 6. Qc2 Bd6 7. Bd3 dxc4 8. Bxc4 O-O 9. O-O a6 10. Rd1 c5 11. Be2 Qc7 12. dxc5 Bxc5 13. Ne4 Nxe4 14. Qxe4 Nf6 15. Qe5 Qe7 16. a3 Bd7 17. b4 Bb6 18. Bb2 Ba4 19. Rdc1 Rac8 20. Nd4 {[%emt 0:01:33] Black must now prevent Nf5.} Qd7 21. Bf3 Bc7 22. Qg5 {[%emt 0:02:21][%cal Od4f5] White threatens Nf5! and mate.} h6 23. Qh4 Be5 24. Rc5 Bd6 25. Rxc8 1/2-1/2